Match 40731019
Unlisted

Match 40731019
End
Vickers Machine Gun Team
Construct Section Command Post
Selects Canadian Shock Battlegroup
ML 3-inch Mortar Team
Infantry Section
Infantry Section
Selects Attacking Spirit
Selects Canadian Shock Section
Canadian Shock Section
Construct Platoon Command Post
Selects Incendiary Munitions
Canadian Shock Section
CMP 15cwt Truck
Selects Pyrotechnics
Unlock Bishop Self-propelled Artillery
Bishop Self-propelled Artillery
HeartySundew364
Eiermayer
Mael Radec
♠CirCa24♠
FierceTomato
Kameraad
Thumuz
bird
0
0

Comments sign in to comment!

No comments posted yet!